 Dungeon Crawl Stone Soup version 0.29.1-14-g9c671dbff4 (webtiles) character file.

Game seed: 12722025267902099269

303 leafyfresh the Covert (level 6, 0/53 HPs)
             Began as a Gnoll Delver on Feb 14, 2023.
             Slain by Ijyb
             ... wielding a +0 hand axe
              (1 damage)
             ... in the Ecumenical Temple.
             The game lasted 00:09:34 (4180 turns).

leafyfresh the Covert (Gnoll Delver)                Turns: 4180, Time: 00:09:35

Health: 0/53       AC:  6    Str: 12    XL:     6   Next: 38%
Magic:  9/9        EV: 10    Int:  9    God:
Gold:   152        SH:  0    Dex: 15    Spells: 4/9 levels left

rFire   . . .      SeeInvis .   a - +0 spear
rCold   . . .      Faith    .   (no shield)
rNeg    . . .      Spirit   .   b - +0 leather armour
rPois   .          Reflect  .   (no helmet)
rElec   .          Harm     .   w - scarf {repulsion}
rCorr   .          Rampage  .   t - +2 pair of gloves
Will    .....                   (no boots)
Stlth   ++++......              (no amulet)
HPRegen 0.17/turn               (no ring)
MPRegen 0.11/turn               (no ring)

@: grasped by roots, constricted, repel missiles
A: fangs 1, strong nose, distributed training
a: no special abilities


You were in the Ecumenical Temple.
You visited 2 branches of the dungeon, and saw 6 of its levels.

You collected 152 gold pieces.

Inventory:

Hand Weapons
 a - a +0 spear (weapon)
 i - a +0 sling
Missiles
 l - a throwing net
Armour
 b - a +0 leather armour (worn)
 t - a +2 pair of gloves (worn)
 w - a scarf of repulsion (worn)
Magical Staves
 x - a staff of conjuration
Jewellery
 r - a ring of fire
Wands
 g - a wand of digging (3)
Scrolls
 c - 2 scrolls of fog
 d - a scroll of magic mapping
 f - a scroll of vulnerability {unknown}
 h - a scroll of noise
 n - 2 scrolls of torment
 o - 2 scrolls of enchant armour
 v - 4 scrolls of amnesia
Potions
 e - 2 potions of brilliance
 j - a potion of resistance {unknown}
 k - a potion of lignification {unknown}
 m - 2 potions of flight
 p - 2 potions of curing {unknown}
 q - a potion of cancellation {unknown}
 u - a potion of attraction {unknown}
 z - a potion of mutation {unknown}


   Skills:
 + Level 6.8 Fighting
 + Level 2.0 Short Blades
 + Level 2.0 Long Blades
 + Level 2.0 Axes
 + Level 2.0 Maces & Flails
 + Level 5.0 Polearms
 + Level 2.0 Staves
 + Level 2.0 Ranged Weapons
 + Level 2.0 Throwing
 + Level 2.0 Armour
 + Level 5.0 Dodging
 + Level 9.8 Stealth
 + Level 2.0 Shields
 + Level 2.0 Unarmed Combat
 + Level 2.0 Spellcasting
 + Level 1.6 Conjurations
 + Level 1.6 Hexes
 + Level 1.6 Summonings
 + Level 1.6 Necromancy
 + Level 1.6 Translocations
 + Level 1.6 Transmutations
 + Level 1.6 Fire Magic
 + Level 1.6 Ice Magic
 + Level 1.6 Air Magic
 + Level 1.6 Earth Magic
 + Level 1.6 Poison Magic
 + Level 2.2 Invocations
 + Level 2.0 Evocations


You had 4 spell levels left.
You knew the following spells:

 Your Spells              Type           Power      Damage    Failure   Level
a - Passwall              Tmut/Erth      2%         N/A       32%         2
b - Swiftness             Air            3%         N/A       54%         3

Your spell library contained the following spells:

 Spells                   Type           Power      Damage    Failure   Level
 Ensorcelled Hibernation  Hex/Ice        6%         N/A       32%         2
 Dazzling Flash           Conj/Hex       6%         N/A       54%         3
 Agony                    Necr           3%         N/A       99%         5
 Lee's Rapid Deconstruct  Erth           1%         3d5*      99%         5
 Silence                  Hex/Air        1%         N/A       99%         5
 Fire Storm               Conj/Fire      1%         8d1       100%        9


Dungeon Overview and Level Annotations

Branches:
Dungeon (5/15)             Temple (1/1) D:4

Altars:
Dithmenos
Fedhas
Nemelex Xobeh
Trog
Yredelemnul

Annotations:
Temple Ijyb


Innate Abilities, Weirdness & Mutations

You have very sharp teeth.
Your uncanny sense of smell can sniff out nearby items.
Your experience applies equally to all skills.


Message History

The grasping roots grab you!
Ijyb is unaffected.
The grasping roots constrict you.
You hit Ijyb but do no damage.
Ijyb is severely wounded.
Ijyb hits you with a +0 hand axe. The grasping roots constrict you.
You completely miss Ijyb.
Ijyb is severely wounded.
Ijyb hits you with a +0 hand axe. The grasping roots constrict you.
You hit Ijyb but do no damage. Your bite misses Ijyb.
Ijyb is severely wounded.
Ijyb hits you but does no damage. The grasping roots constrict you.
The grasping roots release their grip on you.
You hit Ijyb but do no damage. Your bite misses Ijyb.
Ijyb is severely wounded.
You hit Ijyb but do no damage.
Ijyb is severely wounded.
Ijyb screams, "I dance on your bones!" Ijyb hits you with a +0 hand axe.
* * * LOW HITPOINT WARNING * * *
You hit Ijyb but do no damage.
Ijyb is severely wounded.
Ijyb closely misses you.
Unknown command.
You hit Ijyb but do no damage.
Ijyb is severely wounded.
Ijyb hits you but does no damage.
You hit Ijyb but do no damage.
Ijyb is severely wounded.
Ijyb zaps a wand.
The roots erupt in riotous growth!
The grasping roots grab you!
Ijyb is unaffected.
The grasping roots constrict you.
* * * LOW HITPOINT WARNING * * *
You hit Ijyb but do no damage.
Ijyb is severely wounded.
Ijyb hits you but does no damage. The grasping roots constrict you.
* * * LOW HITPOINT WARNING * * *
You hit Ijyb but do no damage.
Ijyb is severely wounded.
Ijyb hits you with a +0 hand axe.
You die...

... .. ..
♣♣.
..♣♣♣♣
♣♣....♣♣
♣♣.g....♣
♣...@...♣
♣♣......♣
♣♣♣..♣♣♣
♣♣♣♣


You could see Ijyb.

Vanquished Creatures
  2 scorpions (D:4)
  A hound (D:4)
  3 gnolls (D:4)
  4 adders
  2 worms (D:3)
  5 dart slugs
  4 orcs (D:3)
  4 endoplasms
  6 giant cockroaches
  3 goblins
  6 hobgoblins
  7 jackals
  2 quokkas (D:3)
  6 ball pythons
  3 bats
  2 frilled lizards (D:2)
  7 kobolds
  9 rats
76 creatures vanquished.

Vanquished Creatures (others)
  6 demonic plants (D:2)
  4 fungi (D:2)
  6 plants (D:2)
  3 withered plants (D:2)
19 creatures vanquished.

Grand Total: 95 creatures vanquished

Notes
Turn   | Place    | Note
-------+----------+-------------------------------------------
     0 | D:5      | Reached skill level 9 in Stealth
     0 | D:5      | leafyfresh the Gnoll Delver began the quest for the Orb.
     0 | D:5      | Reached XP level 1. HP: 23/23 MP: 1/1
     6 | D:5      | Found a blossoming altar of Fedhas.
     6 | D:5      | Noticed an ogre
    22 | D:5      | Noticed a gnoll bouda
    31 | D:4      | Noticed a hound
    44 | D:4      | Killed a hound
    45 | D:4      | Reached XP level 2. HP: 25/29 MP: 1/3
    45 | D:4      | Reached XP level 3. HP: 30/35 MP: 1/4
   242 | D:3      | Reached skill level 1 in Invocations
   366 | D:3      | Got Dispater's Cyclopedia of Attacks and Silt
   429 | D:3      | Found a shadowy altar of Dithmenos.
   460 | D:3      | Reached skill level 1 in Short Blades
   460 | D:3      | Reached skill level 1 in Long Blades
   460 | D:3      | Reached skill level 1 in Axes
   460 | D:3      | Reached skill level 1 in Maces & Flails
   460 | D:3      | Reached skill level 1 in Staves
   460 | D:3      | Reached skill level 1 in Ranged Weapons
   460 | D:3      | Reached skill level 1 in Throwing
   460 | D:3      | Reached skill level 1 in Armour
   460 | D:3      | Reached skill level 1 in Shields
   460 | D:3      | Reached skill level 1 in Unarmed Combat
   460 | D:3      | Reached skill level 1 in Spellcasting
   460 | D:3      | Reached skill level 1 in Evocations
   897 | D:1      | Reached XP level 4. HP: 41/41 MP: 5/5
  1324 | D:1      | Reached skill level 1 in Conjurations
  1324 | D:1      | Reached skill level 1 in Hexes
  1324 | D:1      | Reached skill level 1 in Summonings
  1324 | D:1      | Reached skill level 1 in Necromancy
  1324 | D:1      | Reached skill level 1 in Translocations
  1324 | D:1      | Reached skill level 1 in Transmutations
  1324 | D:1      | Reached skill level 1 in Fire Magic
  1324 | D:1      | Reached skill level 1 in Ice Magic
  1324 | D:1      | Reached skill level 1 in Air Magic
  1324 | D:1      | Reached skill level 1 in Earth Magic
  1324 | D:1      | Reached skill level 1 in Poison Magic
  2063 | D:2      | Found a faded altar of an unknown god.
  2268 | D:3      | Found a basalt altar of Yredelemnul.
  2294 | D:3      | Learned a level 2 spell: Passwall
  2389 | D:3      | Reached XP level 5. HP: 47/47 MP: 7/7
  2535 | D:3      | Found a sparkling altar of Nemelex Xobeh.
  3220 | D:4      | Found a staircase to the Ecumenical Temple.
  3222 | D:4      | Noticed Ijyb
  3365 | D:4      | Reached XP level 6. HP: 50/53 MP: 8/8
  3390 | D:4      | Found a bloodstained altar of Trog.
  3973 | D:4      | Reached skill level 5 in Polearms
  3973 | D:4      | Reached skill level 5 in Dodging
  4042 | D:4      | Learned a level 3 spell: Swiftness
  4147 | D:4      | HP: 1/53 [constriction (2)]
  4162 | Temple   | Entered the Ecumenical Temple
  4179 | Temple   | HP: 1/53 [constriction (4)]
  4180 | Temple   | Slain by Ijyb

Illustrated notes

Levels and vault maps discovered:
D:1:      elethiomel_arrival_infinity_welcomes_careful_drivers, layout_rooms
D:2:      layout_rooms, shapermc_ecumenical_altar_gd
D:3:      layout_basic, nemelex_dance_club_becter,
          mainiacjoe_overflow_boulevard, mainiacjoe_overflow_catwalk
D:4:      layout_loops_ring, mainiacjoe_overflow_small_starburst,
          minmay_temple_entry_grid, minmay_statues_item, uniq_ijyb
D:5:      layout_loops_ring, fedhas_altar_2, lemuel_tele_altar,
          nicolae_shop_i_like_big_books, nicolae_concentric_dashed_squares_wild
Temple:   oiseaux_autumnal_temple

Skill      XL: |  1  2  3  4  5  6 |
---------------+-------------------+-----
Stealth        | |  9.8
Invocations    | 1 2 |  2.2
Short Blades   | 1 2 |  2.0
Long Blades    | 1 2 |  2.0
Axes           | 1 2 |  2.0
Maces & Flails | 1 2 |  2.0
Staves         | 1 2 |  2.0
Ranged Weapons | 1 2 |  2.0
Throwing       | 1 2 |  2.0
Armour         | 1 2 |  2.0
Shields        | 1 2 |  2.0
Unarmed Combat | 1 2 |  2.0
Spellcasting   | 1 2 |  2.0
Evocations     | 1 2 |  2.0
Conjurations   | 1 |  1.6
Hexes          | 1 |  1.6
Summonings     | 1 |  1.6
Necromancy     | 1 |  1.6
Translocations | 1 |  1.6
Transmutations | 1 |  1.6
Fire Magic     | 1 |  1.6
Ice Magic      | 1 |  1.6
Air Magic      | 1 |  1.6
Earth Magic    | 1 |  1.6
Poison Magic   | 1 |  1.6
Polearms       | 5 |  5.0
Dodging        | 5 |  5.0
Fighting       | |  6.8

Action                   |  1- 3 |  4- 6 || total
-------------------------+-------+-------++-------
Melee: Spear             |    75 |   226 ||   301
       Bite              |     9 |    33 ||    42
       Punch             |       |     3 ||     3
 Fire: Sling             |       |    74 ||    74
  Use: Scroll            |       |     9 ||     9
       Potion            |       |     6 ||     6
 Stab: Sleeping          |     4 |    14 ||    18
       Distracted        |       |     1 ||     1
Armor: Leather armour    |    13 |    57 ||    70
Dodge: Dodged            |    44 |   109 ||   153
